 Dungeon Crawl Stone Soup version 0.31-a0-879-g1609e0ac53 (webtiles) character file.

Game seed: 7988376750520602668

3488 wtrnl the Covert (level 10, -9/63 HPs)
             Began as an Octopode Ice Elementalist on Oct 14, 2023.
             Mangled by a vault guard
             ... wielding a +0 broad axe
              (15 damage)
             ... in a bailey.
             The game lasted 00:10:13 (6509 turns).

wtrnl the Covert (Octopode Ice Elementalist)        Turns: 6509, Time: 00:10:14

Health: -9/63      AC: 11    Str:  8    XL:     10   Next: 7%
Magic:  14/19      EV: 15    Int: 19    God:
Gold:   398        SH:  0    Dex: 15    Spells: 14/21 levels left

rFire   + . .        b - +0 short sword
rCold   . . .        (no shield)
rNeg    + . .        (helmet restricted)
rPois   .            (no amulet)
rElec   .            h - ring of positive energy
rCorr   .            o - ring of protection from fire
SInv    .            (no ring)
Will    .....        (no ring)
Stlth   +++++        (no ring)
HPRegen 0.30/turn    (no ring)
MPRegen 0.16/turn    (no ring)
                     (no ring)

%: no passive effects
@: ice-armoured, freezing walls, invisible
A: almost no armour, amphibious, 8 rings, camouflage 1, gelatinous body 1,
(nimble swimmer 1), tentacles, iridescent scales 1, sense surroundings 1, shaggy
fur 1
a: no special abilities


You were in a bailey.
You visited 2 branches of the dungeon, and saw 8 of its levels.
You also visited: Bailey.

You collected 398 gold pieces.

Inventory:

Hand Weapons
 b - a +0 short sword (weapon)
Missiles
 c - 10 poisoned darts
Jewellery
 h - a ring of positive energy (left tentacle)
 o - a ring of protection from fire (right tentacle)
 q - a ring of protection from cold
Wands
 l - a wand of charming (9)
 m - a wand of roots (4)
Scrolls
 k - 4 scrolls of teleportation
 p - 2 scrolls of blinking
 t - a scroll of enchant armour
Potions
 a - 2 potions of magic
 d - a potion of mutation
 e - a potion of ambrosia
 n - 4 potions of attraction
 r - 3 potions of haste
 s - 3 potions of lignification


   Skills:
 + Level 3.3 Fighting
 + Level 5.5 Short Blades
 + Level 4.9 Dodging
 + Level 9.7 Stealth
 + Level 0.2 Unarmed Combat
 + Level 6.2 Spellcasting
 + Level 7.9 Ice Magic


You had 14 spell levels left.
You knew the following spells:

 Your Spells              Type           Power      Damage    Failure   Level
a - Freeze                Ice            100%       1d10      1%          1
b - Frozen Ramparts       Ice            70%        1d11      1%          3
c - Ozocubu's Armour      Ice            35%        N/A       1%          3

Your spell library contained the following spells:

 Spells                   Type           Power      Damage    Failure   Level
 Hailstorm                Conj/Ice       20%        3d6       6%          3
 Apportation              Tloc           10%        N/A       11%         1
 Necrotise                Necr           20%        1d5       11%         1
 Summon Small Mammal      Summ           20%        N/A       11%         1
 Lesser Beckoning         Tloc           10%        N/A       17%         2
 Summon Ice Beast         Ice/Summ       20%        N/A       22%         4
 Gell's Gravitas          Tloc           5%         N/A       32%         3
 Teleport Other           Tloc           5%         N/A       32%         3


Dungeon Overview and Level Annotations

Branches:
Dungeon (7/15)             Temple (1/1) D:5          Bailey (1/1)

Altars:
Ashenzari
Cheibriados
Dithmenos
Elyvilon
Fedhas
Gozag
Makhleb
Nemelex Xobeh
Qazlal
Ru
Sif Muna
Trog
Uskayaw
Vehumet
Wu Jian
Yredelemnul
The Shining One

Shops:
D:6 [


Innate Abilities, Weirdness & Mutations

You cannot wear most types of armour.
You are amphibious.
You can wear up to eight rings at the same time.
Your skin changes colour to match your surroundings (Stealth+).
Your rubbery body absorbs attacks. (AC +1, EV +1)
((You are camouflaged when in or above water. (Stealth+)))
You have tentacles for arms and can constrict up to eight enemies at once.
You are partially covered in iridescent scales. (AC +2)
You passively map a small area around you.
You are covered in fur. (AC +1)


Message History

The wall freezes the vault guard but does no damage.
The vault guard barely misses you.
You barely miss the vault guard. You squeeze the vault guard.
The vault guard is lightly wounded.
You constrict the vault guard.
The wall freezes the vault guard but does no damage.
The vault guard hits you with a +0 broad axe!
You hit the vault guard but do no damage.
The vault guard is lightly wounded.
You constrict the vault guard, but do no damage.
You hit the vault guard but do no damage.
You squeeze the vault guard.
The vault guard is lightly wounded.
You constrict the vault guard, but do no damage.
The wall freezes the vault guard!
The vault guard hits you with a +0 broad axe!!
You hit the vault guard.
You squeeze the vault guard, but do no damage.
The vault guard is moderately wounded.
You constrict the vault guard, but do no damage.
The wall freezes the vault guard.
The vault guard hits you with a +0 broad axe!!
* * * LOW HITPOINT WARNING * * *
Okay, then.
You barely miss the vault guard.
The vault guard is moderately wounded.
You constrict the vault guard, but do no damage.
The wall freezes the vault guard but does no damage.
The vault guard hits you with a +0 broad axe.
* * * LOW HITPOINT WARNING * * *
You hit the vault guard.
The vault guard is moderately wounded.
You constrict the vault guard.
You hit the vault guard but do no damage.
You squeeze the vault guard, but do no damage.
The vault guard is moderately wounded.
You constrict the vault guard, but do no damage.
The wall freezes the vault guard but does no damage.
The vault guard hits you with a +0 broad axe!
You die...

#≈††.≈#..+ ,,
#≈~..≈####,,
####≈~.≈##≈##
#~.!#≈~.~≈≈~≈#
~..!#≈~..~~~≈#
##~..##≈~...~~~≈
#~..~#≈~~..~~~~≈
#p.~##≈~~...~~~≈
#@###≈~.~...~~~≈
#.≈≈≈~...~..~~~≈
##......~...~~≈#
#~~~.....~.~~≈
##~~~##+##~~≈#
##~## , #≈## ###
, , ##


You could see a vault guard.

Vanquished Creatures
  Prince Ribbit (D:5)
  Grinder (D:5)
  Sigmund (D:2)
  2 humans (Bailey)
  A water moccasin (D:4)
  2 sky beasts
  An ice beast (D:5)
  A black bear (D:7)
  An orc warrior (Bailey)
  An ogre (D:4)
  2 centaurs
  2 phantoms
  14 bullfrogs
  A scorpion (D:6)
  2 howler monkeys
  4 hounds
  2 orc priests
  A gnoll bouda (D:7)
  2 jellies (D:6)
  2 sleepcaps (D:5)
  Jessica (D:2)
  An iguana (D:6)
  3 orc wizards
  Natasha (D:2)
  Robin (D:3)
  5 gnolls
  5 adders
  A shadow imp (D:6)
  An ufetubus (D:5)
  5 worms
  3 dart slugs
  12 orcs
  6 ball pythons
  2 bats
  11 endoplasms
  3 giant cockroaches
  15 goblins
  18 hobgoblins
  4 jackals
  6 kobolds
  6 quokkas
  5 frilled lizards
  8 rats
167 creatures vanquished.

Notes
Turn   | Place    | Note
-------+----------+-------------------------------------------
     0 | D:1      | wtrnl the Octopode Ice Elementalist began the quest for the
                  | Orb.
     0 | D:1      | Reached XP level 1. HP: 11/11 MP: 3/3
   198 | D:1      | Reached XP level 2. HP: 16/17 MP: 0/5
   555 | D:1      | Reached XP level 3. HP: 18/21 MP: 6/6
   559 | D:1      | Learned a level 3 spell: Frozen Ramparts
  1017 | D:1      | Reached skill level 3 in Stealth
  1271 | D:2      | Noticed Sigmund
  1282 | D:2      | Gained mutation: Your body sometimes deteriorates upon
                  | taking damage. [potion of mutation]
  1298 | D:2      | Killed Sigmund
  1299 | D:2      | Reached skill level 1 in Fighting
  1299 | D:2      | Reached skill level 1 in Short Blades
  1299 | D:2      | Reached skill level 4 in Stealth
  1299 | D:2      | Reached XP level 4. HP: 26/28 MP: 3/7
  1299 | D:2      | Reached XP level 5. HP: 31/33 MP: 3/8
  1439 | D:2      | Noticed Jessica
  1444 | D:2      | Killed Jessica
  1445 | D:2      | Reached skill level 5 in Stealth
  1495 | D:2      | Reached XP level 6. HP: 38/38 MP: 10/10
  1614 | D:2      | Noticed Natasha
  1618 | D:2      | Killed Natasha
  1681 | D:2      | Lost mutation: Your body sometimes deteriorates upon taking
                  | damage. [potion of mutation]
  1681 | D:2      | Gained mutation: You passively map a small area around you.
                  | [potion of mutation]
  1681 | D:2      | Gained mutation: You are partially covered in iridescent
                  | scales. (AC +2) [potion of mutation]
  1681 | D:2      | Gained mutation: You are covered in fur. (AC +1) [potion of
                  | mutation]
  2040 | D:3      | Noticed an ice beast
  2210 | D:3      | Found a blossoming altar of Fedhas.
  2299 | D:3      | Reached skill level 5 in Ice Magic
  2525 | D:3      | Noticed Robin
  2534 | D:3      | Killed Robin
  2555 | D:3      | Learned a level 3 spell: Ozocubu's Armour
  3149 | D:4      | Found an opulent altar of Gozag.
  3211 | D:4      | Reached skill level 6 in Stealth
  3354 | D:4      | Reached XP level 7. HP: 36/43 MP: 11/11
  3538 | D:4      | Reached skill level 7 in Stealth
  3767 | D:5      | Entered Level 5 of the Dungeon
  4004 | D:5      | Noticed Prince Ribbit
  4021 | D:5      | Killed Prince Ribbit
  4022 | D:5      | Reached XP level 8. HP: 50/50 MP: 6/13
  4133 | D:5      | Found a staircase to the Ecumenical Temple.
  4158 | Temple   | Entered the Ecumenical Temple
  4230 | D:5      | Noticed Grinder
  4240 | D:5      | Paralysed by Grinder for 3 turns
  4260 | D:5      | Killed Grinder
  4261 | D:5      | Reached skill level 8 in Stealth
  5021 | D:5      | Found a snail-covered altar of Cheibriados.
  5425 | D:6      | Reached XP level 9. HP: 29/55 MP: 5/15
  5568 | D:6      | Found Waussas's Armour Boutique.
  5705 | D:6      | Reached skill level 5 in Short Blades
  5982 | D:7      | Reached skill level 5 in Spellcasting
  5993 | D:7      | Reached skill level 9 in Stealth
  6195 | D:7      | Found a flagged portal.
  6203 | Bailey   | Entered a bailey
  6329 | Bailey   | Reached XP level 10. HP: 35/63 MP: 11/19
  6495 | Bailey   | Noticed a vault guard
  6509 | Bailey   | Mangled by a vault guard

Illustrated notes

Levels and vault maps discovered:
D:1:      wander_arrival_estate, layout_loops_corners, minmay_distorted
D:2:      layout_loops_ring, minmay_stone_trees_small,
          nicolae_houndstooth_variations, uniq_natasha, uniq_sigmund,
          uniq_jessica
D:3:      minmay_skewed_foursquare, layout_basic, fedhas_altar_4, minivault_27,
          kennysheep_another_room, corner_web_ring, dk_noncrumbling_3,
          uniq_robin
D:4:      layout_basic, nicolae_gozag_seed_capital, minivault_24,
          wad_rectangle_vault
D:5:      minmay_opposing_rooms, layout_basic, mainiacjoe_overflow_alcove_2,
          minmay_temple_entry_junction, uniq_grinder, uniq_prince_ribbit1
D:6:      layout_basic, serial_shops, shop
D:7:      layout_rooms, enter_bailey_3, st_stairs_7,
          chequers_serial_rivers_small_a
Temple:   nicolae_temple_ecumenical_triangle
Bailey:   bailey_axe_froggy_fort_hellmonk, bailey

Skill      XL: |  1  2  3  4  5  6  7  8  9 |
---------------+----------------------------+-----
Stealth        | 4 5 6 7 8 9 |  9.7
Fighting       | 1 2 3 |  3.3
Short Blades   | 1 2 3 4 5 |  5.5
Ice Magic      | 5 6 7 |  7.9
Dodging        | 3 4 |  4.9
Spellcasting   | 3 4 6 |  6.2
Unarmed Combat | |  0.2

Action                     |  1- 3 |  4- 6 |  7- 9 | 10-12 || total
---------------------------+-------+-------+-------+-------++-------
  Melee: Unarmed           |     2 |       |       |       ||     2
         Tentacles         |    19 |    24 |    52 |    10 ||   105
         Constrict         |    11 |    26 |    25 |     3 ||    65
         Short sword       |    76 |   115 |   166 |    17 ||   374
         Punch             |     1 |       |     1 |       ||     2
   Cast: Freeze            |     9 |       |    12 |       ||    21
         Frozen Ramparts   |     1 |     3 |    25 |     2 ||    31
         Ozocubu's Armour  |       |       |     8 |     1 ||     9
    Use: Potion            |     5 |     1 |     5 |     1 ||    12
         Scroll            |       |       |     8 |       ||     8
   Stab: Sleeping          |     8 |    19 |    15 |       ||    42
         Distracted        |       |     2 |     1 |       ||     3
 Armour: Skin              |    25 |    35 |   101 |     8 ||   169
  Dodge: Dodged            |    48 |    42 |    99 |     4 ||   193

Table legend: (Time is in decaauts)
 A = Elapsed time spent in this place.
 B = Non-inter-level travel time spent in this place.
 C = Inter-level travel time spent in this place.
 D = Time resting spent in this place.
 E = Time spent auto-exploring this place.
 F = Levels seen in this place.
 G = Mean time per level.
                   A        B        C        D        E       F      G
               +--------+--------+--------+--------+--------+-----+--------+
         Total |   6438 |   6241 |    197 |      0 |   5068 |   9 |  715.3 |
       Dungeon |   6110 |   5929 |    181 |      0 |   4837 |   7 |  872.9 |
        Temple |     32 |     17 |     15 |      0 |      0 |   1 |   32.0 |
        Bailey |    295 |    295 |      0 |      0 |    231 |   1 |  295.0 |
               +--------+--------+--------+--------+--------+-----+--------+

Top non-repeatable levels by time:
     D:5: 1258 daAuts
     D:1: 1202 daAuts
     D:3: 1126 daAuts
     D:6: 806 daAuts
     D:2: 782 daAuts
     D:4: 622 daAuts
     D:7: 310 daAuts
  Bailey: 295 daAuts
  Temple: 32 daAuts
